Map: New Repugnancy LE

Players

TLO - Winner!

  • Race: Zerg Zerg
  • Spawn Location: 7:00

Neeb

  • Race: Protoss Protoss
  • Spawn Location: 1:00

Event: 2019 WCS Summer

VOD

Have the link to the VOD?

Description

Time

  • Played on: July 12, 2019, 1:03 p.m.
  • Length: 5:12

All games in this series

Show
View Real Time Build Order
Export as new Build Order

TLO Zerg - Winner!

Build Orders: Hatch First 

Get SALT Encoding   

  12  0:00  Drone  
  13  0:12  Overlord  
  13  0:17  Drone  
  14  0:30  Drone x2  
  14  0:35  Drone  
  17  0:45  Drone  
  18  0:57  Hatchery  
  18  1:01  Drone  
  18  1:07  Extractor  
  17  1:16  Spawning Pool  
  16  1:20  Drone  
  16  1:23  Drone  
  18  1:32  Drone  
  19  1:40  Overlord  
  19  2:03  Zergling x4  
  21  2:09  Queen  
  21  2:11  Zergling x2, Spine Crawler  
  23  2:16  Metabolic Boost  
  23  2:26  Spine Crawler  
  22  2:31  Spine Crawler  
  22  2:34  Zergling x2  
  22  2:36  Zergling x2  
  23  2:40  Zergling x2  
  23  2:43  Zergling x2  
  25  2:49  Zergling x2  
  25  2:51  Zergling x2  
  26  2:55  Zergling x2  
  26  2:56  Zergling x2  
  28  3:02  Zergling x2  
  28  3:05  Zergling x2  
  30  3:12  Queen  
  29  3:17  Zergling x2  
  32  3:20  Zergling x2  
  32  3:28  Zergling x4  
  33  3:34  Zergling x2  
  33  3:35  Zergling x2  
  34  3:44  Zergling x2  
  35  3:49  Overlord  
  32  3:58  Zergling x2  
  31  4:09  Zergling x6  
  34  4:17  Zergling x2  
  34  4:23  Zergling x2  
  36  4:24  Hatchery  
  35  4:31  Zergling x2  
  35  4:32  Zergling x2  
  36  4:38  Zergling x2  
  36  4:40  Zergling x2  
  36  4:49  Drone  
  36  4:53  Drone  
Show
View Real Time Build Order
Export as new Build Order

Neeb Protoss 

Build Orders: 1 Gate Expand 

Get SALT Encoding   

  12  0:00  Probe  
  13  0:12  Probe  
  14  0:19  Pylon  
  14  0:24  Probe  
  15  0:33  Probe  
  15  0:39  Gateway  
  15  0:41  Probe  
  16  0:49  Assimilator  
  17  0:51  Probe  
  18  1:03  Probe  
  19  1:15  Probe  
  20  1:27  Nexus  
  19  1:36  Cybernetics Core  
  19  1:39  Probe  
  20  1:44  Assimilator  
  20  1:50  Probe  
  20  1:53  Pylon  
  21  1:58  Probe  
  21  2:02  Adept  
  21  2:06  Probe  
  26  2:22  Robotics Facility  
  26  2:29  Shield Battery  
  25  2:30  Shield Battery  
  25  2:31  Shield Battery  
  25  2:32  Stalker  
  25  2:36  Shield Battery  
  27  2:44  Pylon  
  27  2:55  Stalker  
  29  3:10  Immortal  
  29  3:11  Pylon  
  33  3:24  Pylon  
  33  3:37  Gateway  
  33  3:43  Cybernetics Core  
  33  3:48  Gateway  
  31  4:07  Immortal  
  35  4:14  Pylon  
  37  4:24  Sentry  
  37  4:27  Gateway  
  28  5:04  Pylon  
Tags
 
Add a new tag
Caveats
  • Supply blocks, unpowered buildings, or Contaminate may cause inaccurate times.
  • Supply counts are checked every 10 seconds.